 Dungeon Crawl Stone Soup version 0.29-a0-477-g62b78b4225 (webtiles) character file.

Game seed: 15207489308002107612

492 Infinimo the Cudgeller (level 7, -5/63 (75) HPs)
             Began as an Ogre Gladiator on May 25, 2022.
             Slain by a gnoll
             ... wielding a +0 flail of draining
             ... led by a gnoll shaman
              (8 damage)
             ... on level 4 of the Dungeon.
             The game lasted 00:03:44 (4261 turns).

Infinimo the Cudgeller (Ogre Gladiator)             Turns: 4261, Time: 00:03:45

HP:   -5/63 (75)    AC:  4    Str: 19    XL:     7   Next: 14%
MP:   7/7           EV: 10    Int: 17    God:
Gold: 188           SH:  0    Dex: 10    Spells: 6/6 levels left

rFire   . . .      SeeInvis .   a - +1 flail
rCold   . . .      Faith    .   (no shield)
rNeg    . . .      Spirit   .   b - +0 robe
rPois   +          Reflect  .   c - +1 hat
rElec   .          Harm     .   (no cloak)
rCorr   .          Rampage  .   (gloves unavailable)
Will    .....                   (boots unavailable)
Stlth   +.........              (no amulet)
HPRegen 0.20/turn               t - +6 ring of intelligence
MPRegen 0.10/turn               u - ring of poison resistance

@: about to teleport, heavily drained
A: large, unfitting armour, tough skin 1
a: no special abilities


You were on level 4 of the Dungeon.
You visited 1 branch of the dungeon, and saw 4 of its levels.

You collected 188 gold pieces.

Inventory:

Hand Weapons
 a - a +1 flail (weapon)
Missiles
 d - 4 throwing nets (quivered)
 e - a large rock
Armour
 b - a +0 robe (worn)
 c - a +1 hat (worn)
Jewellery
 t - a +6 ring of intelligence (left hand)
 u - a ring of poison resistance (right hand)
 v - a ring of ice
Scrolls
 g - 2 scrolls of teleportation
 i - a scroll of fear {unknown}
 k - 3 scrolls of fog
 n - 3 scrolls of enchant armour
Potions
 f - a potion of magic {unknown}
 h - a potion of mutation {unknown}
 j - 2 potions of resistance
 p - a potion of berserk rage
 q - a potion of brilliance
 s - a potion of flight {unknown}


   Skills:
 + Level 6.0 Fighting
 * Level 6.1 Maces & Flails
 - Level 2.0 Throwing
 - Level 2.6 Dodging


You had 6 spell levels left.
You didn't know any spells.
Your spell library contained the following spells:

 Spells                   Type           Power      Damage    Failure   Level
 Foxfire                  Conj/Fire      0%         2x1d4     24%         1
 Ensorcelled Hibernation  Hex/Ice        0%         N/A       34%         2
 Call Canine Familiar     Summ           0%         N/A       56%         3
 Conjure Flame            Conj/Fire      0%         6-21      56%         3
 Inner Flame              Hex/Fire       0%         N/A       56%         3
 Portal Projectile        Hex/Tloc       0%         N/A       56%         3
 Spider Form              Tmut/Pois      0%         N/A       56%         3
 Anguish                  Hex/Necr       0%         N/A       93%         4
 Flame Wave               Conj/Fire      0%         2d4       93%         4
 Leda's Liquefaction      Hex/Erth       0%         N/A       93%         4


Dungeon Overview and Level Annotations

Branches:
Dungeon (4/15)
 Temple: D:4-7

Altars:


Innate Abilities, Weirdness & Mutations

You are too large for most types of armour.
You have tough skin. (AC +1)


Message History

The gnoll shaman is heavily wounded.
The gnoll shaman invokes the aid of its god against you.
You easily resist.
The gnoll shaman is heavily wounded.
The gnoll shouts!
The gnoll shaman is severely wounded.
The gnoll shaman hits you with a +0 mace.
The gnoll shaman is severely wounded.
The gnoll shaman hits you with a +0 mace.
You sock the gnoll shaman!
You kill the gnoll shaman!
The gnoll hits you with a +0 flail of draining.
You feel drained.
The gnoll hits you with a +0 flail of draining!
You feel drained.
You are too injured to fight recklessly!
You are too injured to fight recklessly!
You are too injured to fight recklessly!
The gnoll attacks as you move away!
The gnoll hits you with a +0 flail of draining!
* * * LOW HITPOINT WARNING * * *
You feel drained.
* * * LOW HITPOINT WARNING * * *
As you read the scroll of teleportation, it crumbles to dust.
You feel strangely unstable.
The gnoll hits you with a +0 flail of draining.
* * * LOW HITPOINT WARNING * * *
You feel drained.
The gnoll hits you with a +0 flail of draining!
* * * LOW HITPOINT WARNING * * *
You feel drained.
* * * LOW HITPOINT WARNING * * *
Okay, then.
The gnoll attacks as you move away!
The gnoll hits you with a +0 flail of draining.
* * * LOW HITPOINT WARNING * * *
You feel drained.
* * * LOW HITPOINT WARNING * * *
The gnoll hits you with a +0 flail of draining!
You die...

#............##.###
#.........#######
#........## ##......##
#......# #......## ###
##.......########.#
#......(.>.......##
#...)....<.###@g.###
###..[..###### ####))#
#....####
##.########## ...###
##..#..#.#.. .###
#####.[...#...##### ##
####..........#...#..#
......................
.#######.........#.†..
.g #..........####


You could see a gnoll (fast).

Vanquished Creatures
  Menkaure (D:4)
  A gnoll shaman (D:4)
  2 orc priests
  2 hounds (D:4)
  Natasha (thrice) (D:4)
  2 gnolls
  5 adders
  4 dart slugs
  7 orcs
  6 ball pythons
  5 bats
  7 endoplasms
  2 giant cockroaches
  5 goblins
  11 hobgoblins
  4 jackals (D:1)
  4 kobolds
  A quokka (D:1)
  5 frilled lizards
  7 rats
84 creatures vanquished.

Notes
Turn   | Place    | Note
-------+----------+-------------------------------------------
     0 | D:1      | Infinimo the Ogre Gladiator began the quest for the Orb.
     0 | D:1      | Reached XP level 1. HP: 22/22 MP: 1/1
    82 | D:1      | Reached XP level 2. HP: 12/31 MP: 2/2
   855 | D:1      | Reached XP level 3. HP: 37/37 MP: 3/3
  1509 | D:2      | Reached XP level 4. HP: 46/48 MP: 4/4
  1894 | D:2      | Found a faded altar of an unknown god.
  2513 | D:3      | Reached XP level 5. HP: 52/55 MP: 5/5
  3305 | D:4      | Noticed Menkaure
  3512 | D:4      | Killed Menkaure
  3513 | D:4      | Reached skill level 5 in Fighting
  3513 | D:4      | Reached skill level 5 in Maces & Flails
  3513 | D:4      | Reached XP level 6. HP: 66/66 MP: 6/6
  3549 | D:4      | Noticed Natasha
  3557 | D:4      | Killed Natasha
  3737 | D:4      | Noticed Natasha
  3746 | D:4      | Killed Natasha
  3757 | D:4      | Noticed Natasha
  3781 | D:4      | Killed Natasha
  4161 | D:4      | Reached XP level 7. HP: 61/70 MP: 7/7
  4261 | D:4      | HP: 3/63 [gnoll/+0 flail of draining[a gnoll shaman] (1)]
  4261 | D:4      | Slain by a gnoll

Illustrated notes

Levels and vault maps discovered:
D:1:      nagdon_arrival_zigzag_paths, layout_basic
D:2:      layout_loops_cross, shapermc_ecumenical_altar_venn,
          minmay_misc_feat_square, minmay_split_cup_large
D:3:      layout_basic
D:4:      layout_layer_cave, uniq_natasha, uniq_menkaure

Skill      XL: |  1  2  3  4  5  6  7 |
---------------+----------------------+-----
Fighting       | 3 4 5 6 |  6.0
Maces & Flails | 3 4 5 6 |  6.1
Throwing       | |  2.0
Dodging        | |  2.6

Action                   |  1- 3 |  4- 6 |  7- 9 || total
-------------------------+-------+-------+-------++-------
Melee: Flail             |   114 |   153 |    14 ||   281
       Punch             |     1 |       |       ||     1
  Use: Scroll            |       |    11 |     1 ||    12
       Potion            |       |     1 |       ||     1
Armor: Robe              |    42 |    43 |     1 ||    86
Dodge: Dodged            |    73 |    99 |     7 ||   179

Table legend: (Time is in decaauts)
 A = Elapsed time spent in this place.
 B = Non-inter-level travel time spent in this place.
 C = Inter-level travel time spent in this place.
 D = Time resting spent in this place.
 E = Time spent auto-exploring this place.
 F = Levels seen in this place.
 G = Mean time per level.
                   A        B        C        D        E       F      G
               +--------+--------+--------+--------+--------+-----+--------+
         Total |   4334 |   4143 |    191 |    468 |   3061 |   4 | 1083.5 |
       Dungeon |   4334 |   4143 |    191 |    468 |   3061 |   4 | 1083.5 |
               +--------+--------+--------+--------+--------+-----+--------+

Top non-repeatable levels by time:
     D:1: 1336 daAuts
     D:3: 1302 daAuts
     D:2: 902 daAuts
     D:4: 793 daAuts
